[Event "Titled Tuesday Blitz July 25 Early 2023"]
[White "Clawitter, Craig"]
[Black "Sarkar, Justin"]
[WhiteFideId "2023105"]
[BlackFideId "2010011"]
[WhiteElo "2265"]
[BlackElo "2234"]
[Result "0-1"]
[Round "10"]
[TimeControl "180+2"]
[Date "2023.07.25"]
[WhiteClock "0:00:14"]
[BlackClock "0:00:05"]
[Board "172"]

1. e4 c5 2. Nf3 d6 3. d4 cxd4 4. Nxd4 Nf6 5. Nc3 a6 6. Be3 Ng4 7. Bg5 h6 8. Bh4 g5 9. Bg3 Bg7 10. h3 Ne5 11. Nf5 Bxf5 12. exf5 Nbc6 13. Nd5 e6 14. fxe6 fxe6 15. Ne3 O-O 16. Be2 d5 17. O-O Ng6 18. Bg4 Qf6 19. Re1 Rae8 20. c3 Nf4 21. Qb3 Re7 22. Rad1 h5 23. Bf3 Nxh3+ 24. Kh2 Nf4 25. Rh1 Ne5 26. Bxf4 Qxf4+ 27. Kg1 g4 28. Rxh5 gxf3 29. Qc2 fxg2 30. Qh7+ Kf7 31. Rxe5 Qxe5 32. Ng4 Qf4 33. Qh5+ Kg8 34. Re1 Rf5 35. Qg6 Qg5 36. Qxg5 Rxg5 37. Ne3 e5 38. Nxd5 Rd7 39. Ne3 Kf7 40. Nxg2 Rg4 41. Re2 Ra4 42. a3 Rc4 43. Ne3 Rc5 44. Kg2 e4 45. Ng4 Re7 46. Ne3 Rg5+ 47. Kf1 Be5 48. Ke1 Bf4 49. Nc4 Rc5 50. Ne3 Bxe3 51. Rxe3 Rf5 52. Ke2 Rf3 53. b4 Rxe3+ 54. Kxe3 Rc7 55. c4 Rxc4 56. Kf4 b5 57. Ke3 Ke6 58. f3 exf3 59. Kxf3 Rc3+ 60. Ke4 Rxa3 61. Kd4 Kd6 62. Ke4 Rb3 63. Kd4 Rxb4+ 64. Kc3 a5 65. Kc2 a4 66. Kc3 Rb3+ 67. Kd2 a3 68. Kc2 Rg3 69. Kd2 a2 70. Ke2 a1=Q 71. Kf2 Qc3 72. Ke2 Rg2+ 73. Kf1 Qf3+ 74. Ke1 Qe2# 0-1


[Site "https://www.chess.com"]

[Event "Titled Tuesday Blitz July 25 Early 2023"]
[White "Vachier-Lagrave, Maxime"]
[Black "Iturrizaga Bonelli, Eduardo"]
[WhiteFideId "623539"]
[BlackFideId "3901211"]
[WhiteElo "3155"]
[BlackElo "2945"]
[Result "1/2-1/2"]
[Round "11"]
[TimeControl "180+2"]
[Date "2023.07.25"]
[WhiteClock "0:01:41"]
[BlackClock "0:00:19"]
[Board "1"]

1. e4 c5 2. Nf3 Nc6 3. c3 Nf6 4. e5 Nd5 5. Bc4 Nb6 6. Bb3 d5 7. exd6 Qxd6 8. O-O Be6 9. Bxe6 Qxe6 10. d4 cxd4 11. Nxd4 Nxd4 12. Qxd4 Rd8 13. Qh4 Qg6 14. Na3 e6 15. Be3 Be7 16. Qf4 O-O 17. Bxb6 axb6 18. Qc7 1/2-1/2


[Site "https://www.chess.com"]

[Event "Titled Tuesday Blitz July 25 Early 2023"]
[White "So, Wesley"]
[Black "Megaranto, Susanto"]
[WhiteFideId "5202213"]
[BlackFideId "7101384"]
[WhiteElo "3115"]
[BlackElo "2963"]
[Result "0-1"]
[Round "11"]
[TimeControl "180+2"]
[Date "2023.07.25"]
[WhiteClock "0:00:17"]
[BlackClock "0:00:19"]
[Board "2"]

1. e4 c6 2. Nf3 d5 3. d3 dxe4 4. dxe4 Qxd1+ 5. Kxd1 Bg4 6. Nd2 Nd7 7. h3 Bxf3+ 8. Nxf3 e6 9. Bd3 Ngf6 10. Ke2 h6 11. e5 Nd5 12. c4 Nb4 13. Bb1 a5 14. Rd1 Be7 15. Bd2 a4 16. Bc3 a3 17. b3 Na6 18. Ne1 Bb4 19. Bxb4 Nxb4 20. f4 Nc5 21. Nc2 Nxc2 22. Bxc2 Na6 23. Kd2 Ke7 24. Kc3 c5 25. Be4 Rad8 26. b4 cxb4+ 27. Kc2 Rxd1 28. Rxd1 Rd8 29. Rb1 Rd4 30. Bxb7 Rxc4+ 31. Kd3 Rc3+ 32. Kd2 Nc5 33. Rxb4 Rg3 34. Bf3 g5 35. Rb5 Nd7 36. Rb7 Kd8 37. Ke3 gxf4+ 38. Kxf4 Rg5 39. g4 Nxe5 40. h4 Ng6+ 41. Kg3 Rc5 42. Rxf7 Rc3 43. h5 Ne5 44. Rf4 Ke7 45. Kg2 Rxf3 46. Rxf3 Nxf3 47. Kxf3 Kf6 48. Kf4 e5+ 49. Ke4 Kg5 50. Kxe5 Kxg4 51. Ke4 Kxh5 52. Kf5 Kh4 53. Kf4 h5 54. Kf3 Kg5 55. Kg3 Kf5 56. Kh4 Ke4 57. Kxh5 Kd3 58. Kg4 Kc3 59. Kf3 Kb2 60. Ke3 Kxa2 61. Kd2 Kb2 0-1


[Site "https://www.chess.com"]

[Event "Titled Tuesday Blitz July 25 Early 2023"]
[White "Duda, Jan-Krzysztof"]
[Black "Dubov, Daniil"]
[WhiteFideId "1170546"]
[BlackFideId "24126055"]
[WhiteElo "3013"]
[BlackElo "3111"]
[Result "1-0"]
[Round "11"]
[TimeControl "180+2"]
[Date "2023.07.25"]
[WhiteClock "0:00:02"]
[BlackClock "0:00:00"]
[Board "3"]

1. c4 e5 2. b3 Nc6 3. Bb2 g6 4. g3 Bg7 5. Bg2 Nge7 6. Nc3 O-O 7. e3 d6 8. Nge2 Bg4 9. h3 Be6 10. O-O d5 11. cxd5 Nxd5 12. Ne4 b6 13. a3 f5 14. Rc1 Na5 15. b4 Nb3 16. Qxb3 Nf4 17. Qd1 Nxg2 18. N4c3 f4 19. Kxg2 f3+ 20. Kh2 fxe2 21. Qxe2 e4 22. Rc2 Be5 23. Nxe4 Qh4 24. Bxe5 Qxe4 25. d4 Rf3 26. Rxc7 Bd5 27. Rfc1 Qf5 28. Rg7+ Kf8 29. Rc2 Be4 30. g4 Qg5 31. Rcc7 Rd8 32. Qxf3+ Bxf3 33. Rcf7+ Ke8 34. Rxf3 Rd5 35. Bf6 Qh6 36. Rxa7 1-0


[Site "https://www.chess.com"]

[Event "Titled Tuesday Blitz July 25 Early 2023"]
[White "Kevlishvili, Robby"]
[Black "Tari, Aryan"]
[WhiteFideId "1040634"]
[BlackFideId "1510045"]
[WhiteElo "3002"]
[BlackElo "2948"]
[Result "1-0"]
[Round "11"]
[TimeControl "180+2"]
[Date "2023.07.25"]
[WhiteClock "0:00:49"]
[BlackClock "0:00:11"]
[Board "4"]

1. e4 e5 2. Nf3 Nc6 3. Bb5 Nge7 4. O-O Ng6 5. c3 d5 6. d3 Be7 7. Re1 O-O 8. exd5 Qxd5 9. Bc4 Qd8 10. b4 a6 11. Nbd2 Kh8 12. a4 f5 13. Bb2 Bf6 14. Qb3 Nf4 15. Rad1 Qe8 16. Nf1 Qg6 17. Ng3 Bd7 18. Bc1 Qg4 19. Bxf4 Qxf4 20. Nh5 Qh6 21. Nxf6 Qxf6 22. Bd5 Rae8 23. b5 axb5 24. axb5 Na5 25. Qb4 b6 26. Nxe5 Bxb5 27. Nf7+ Rxf7 28. Bxf7 Rxe1+ 29. Rxe1 Qxf7 30. Qxb5 h6 31. Qe8+ Qxe8 32. Rxe8+ Kh7 33. Rc8 c6 34. c4 c5 35. Rb8 Nc6 36. Rxb6 Ne5 37. Rd6 g5 38. Rd5 1-0


[Site "https://www.chess.com"]

[Event "Titled Tuesday Blitz July 25 Early 2023"]
[White "Svane, Frederik"]
[Black "Kramnik, Vladimir"]
[WhiteFideId "12923044"]
[BlackFideId "4101588"]
[WhiteElo "2950"]
[BlackElo "2996"]
[Result "0-1"]
[Round "11"]
[TimeControl "180+2"]
[Date "2023.07.25"]
[WhiteClock "0:00:00"]
[BlackClock "0:00:09"]
[Board "5"]

1. e4 c5 2. Nf3 e6 3. c3 Nf6 4. e5 Nd5 5. d4 cxd4 6. cxd4 d6 7. Bc4 Be7 8. O-O O-O 9. Re1 Nc6 10. exd6 Bxd6 11. Nc3 h6 12. a3 b6 13. Qd3 Nce7 14. Ne5 Bb7 15. Ne4 Nf5 16. Bd2 Rc8 17. Rad1 Nf6 18. Nxd6 Nxd6 19. Ba2 Bd5 20. b3 Be4 21. Qh3 Bf5 22. Qf3 a5 23. b4 Bc2 24. Rc1 Be4 25. Qh3 Rxc1 26. Bxc1 axb4 27. axb4 Qa8 28. Bb3 Nf5 29. g4 Nxd4 30. g5 hxg5 31. Bxg5 Nh7 32. Bd2 Bf5 33. Qe3 Nxb3 34. Qxb3 Nf6 35. Qe3 Rd8 36. Bc1 Rd5 37. Qg3 Ne4 38. Qf4 Qb8 39. Bb2 Qd8 0-1


[Site "https://www.chess.com"]

[Event "Titled Tuesday Blitz July 25 Early 2023"]
[White "Gholami Orimi, Mahdi"]
[Black "Indjic, Aleksandar"]
[WhiteFideId "12558486"]
[BlackFideId "911925"]
[WhiteElo "2920"]
[BlackElo "2967"]
[Result "0-1"]
[Round "11"]
[TimeControl "180+2"]
[Date "2023.07.25"]
[WhiteClock "0:00:09"]
[BlackClock "0:01:27"]
[Board "6"]

1. d4 Nf6 2. c4 e6 3. g3 c5 4. d5 exd5 5. cxd5 d6 6. Nc3 g6 7. Bg2 Bg7 8. Nf3 O-O 9. O-O Re8 10. Bf4 h6 11. Qc1 g5 12. Bd2 Bf5 13. h4 g4 14. Nh2 h5 15. f3 Nbd7 16. e4 gxf3 17. exf5 fxg2 18. Kxg2 b5 19. Nxb5 Re2+ 20. Rf2 Rxf2+ 21. Kxf2 Ne5 22. Kg2 Qd7 23. Nc3 Qxf5 24. Qf1 Qc2 25. Qe2 Qxb2 26. Rb1 Qc2 27. Rc1 Qg6 28. Bg5 Re8 29. Qb5 a6 30. Qa4 Rb8 31. Qc2 Nd3 32. Rb1 Ne1+ 33. Rxe1 Qxc2+ 0-1


[Site "https://www.chess.com"]

[Event "Titled Tuesday Blitz July 25 Early 2023"]
[White "Agibileg, Uurtsaikh"]
[Black "Terry, Renato"]
[WhiteFideId "4901606"]
[BlackFideId "3803457"]
[WhiteElo "2661"]
[BlackElo "2959"]
[Result "0-1"]
[Round "11"]
[TimeControl "180+2"]
[Date "2023.07.25"]
[WhiteClock "0:00:00"]
[BlackClock "0:00:39"]
[Board "7"]

1. d4 e6 2. c4 Bb4+ 3. Nc3 c5 4. a3 Bxc3+ 5. bxc3 Qa5 6. Bd2 Nf6 7. f3 d6 8. e4 Nc6 9. d5 Ne5 10. f4 Ng6 11. Bd3 e5 12. f5 Nf4 13. Qf3 Nxd3+ 14. Qxd3 Qa4 15. Nf3 h6 16. O-O b6 17. Be1 Ba6 18. Nd2 Nd7 19. Bh4 f6 20. Rfb1 O-O-O 21. Qf1 Rhg8 22. Bf2 Kc7 23. Be3 Rb8 24. Ra2 b5 25. cxb5 Bxb5 26. c4 Ba6 27. Rab2 Rxb2 28. Rxb2 Nb6 29. Qe1 Bxc4 30. Rb1 Ba6 31. Rc1 Nd7 32. Nb1 Rb8 33. Nc3 Qc4 34. a4 Qd3 35. Bf2 Rb2 36. Rd1 Qc4 37. Rc1 Qb4 38. Be3 Qb3 39. Nb5+ Bxb5 40. axb5 Kb7 41. Bd2 Qxb5 42. Bc3 Rb3 43. Ra1 Qd3 44. Bd2 Rb2 45. Bc3 Re2 46. Rb1+ Nb6 47. Qc1 Qxe4 48. Qf1 Rxg2+ 49. Qxg2 Qxb1+ 50. Kf2 Qc2+ 0-1


[Site "https://www.chess.com"]

[Event "Titled Tuesday Blitz July 25 Early 2023"]
[White "ChessBrah"]
[Black "Cordova, Emilio"]
[BlackFideId "3801497"]
[WhiteElo "2954"]
[BlackElo "2867"]
[Result "1/2-1/2"]
[Round "11"]
[TimeControl "180+2"]
[Date "2023.07.25"]
[WhiteClock "0:00:04"]
[BlackClock "0:00:07"]
[Board "8"]

1. e4 c5 2. Nf3 Nc6 3. Bb5 e6 4. O-O Nge7 5. Re1 b6 6. Bf1 Bb7 7. c3 d5 8. d3 h6 9. a3 Qc7 10. b4 Rd8 11. Nbd2 dxe4 12. Nxe4 Nf5 13. g4 Nd6 14. Bf4 Qc8 15. Ng3 Be7 16. Nh5 g6 17. Ng3 h5 18. gxh5 gxh5 19. h4 Rg8 20. Ng5 Bxg5 21. Bxg5 Ne7 22. Kh2 c4 23. Nxh5 Rxg5 24. Nf6+ Kf8 25. hxg5 Qc6 26. Bh3 Ng6 27. Qg4 cxd3 28. Qg3 Nf5 29. Bxf5 exf5 30. Rad1 Nh4 31. Re3 d2 32. b5 Nf3+ 33. Kh3 Qc8 34. Qf4 Nxg5+ 35. Qxg5 f4+ 36. Kh4 fxe3 37. fxe3 Qe6 38. e4 Bxe4 39. Ng4 Rd5 40. Qf4 Bg6 41. Rxd2 Rxd2 42. Qxd2 Qe7+ 43. Qg5 Qxg5+ 44. Kxg5 Ke7 45. Ne5 Kd6 46. Nc6 Kc5 47. Nxa7 Bd3 48. a4 Bc2 49. Kf6 Bxa4 50. Nc8 Bxb5 51. Nxb6 Kxb6 52. Kxf7 Kc5 53. Kf6 Kc4 54. Ke5 Kxc3 1/2-1/2


[Site "https://www.chess.com"]

[Event "Titled Tuesday Blitz July 25 Early 2023"]
[White "Kravtsiv, Martyn"]
[Black "Bluebaum, Matthias"]
[WhiteFideId "14113147"]
[BlackFideId "24651516"]
[WhiteElo "2857"]
[BlackElo "3051"]
[Result "1-0"]
[Round "11"]
[TimeControl "180+2"]
[Date "2023.07.25"]
[WhiteClock "0:01:31"]
[BlackClock "0:01:20"]
[Board "9"]

1. Nf3 d5 2. g3 e6 3. Bg2 Nf6 4. O-O Bd6 5. d4 O-O 6. c4 Nc6 7. Nbd2 a5 8. b3 Ne4 9. Bb2 f5 10. e3 a4 11. Nxe4 dxe4 12. Nd2 a3 13. Bc3 Bb4 14. Qc2 Qe7 15. c5 b6 16. Rfc1 Ba6 17. Nxe4 fxe4 18. Bxe4 Bxc3 19. Qxc3 Bb5 20. cxb6 cxb6 21. Bxc6 Rac8 22. d5 Qf7 23. Qd2 Rxc6 24. dxc6 Qf3 25. c7 Ba6 26. e4 Qxe4 27. Qe3 Qd5 28. Rd1 Qh5 29. Rd8 Bc8 30. Rxc8 Qxh2+ 31. Kxh2 Rxc8 32. Qxe6+ Kh8 33. Qxc8# 1-0


[Site "https://www.chess.com"]

[Event "Titled Tuesday Blitz July 25 Early 2023"]
[White "Martinez Alcantara, Jose Eduardo"]
[Black "Sychev, Klementy"]
[WhiteFideId "3805662"]
[BlackFideId "4114060"]
[WhiteElo "2990"]
[BlackElo "2856"]
[Result "1-0"]
[Round "11"]
[TimeControl "180+2"]
[Date "2023.07.25"]
[WhiteClock "0:00:25"]
[BlackClock "0:00:00"]
[Board "10"]

1. e4 c5 2. Nf3 d6 3. c3 Nf6 4. h3 g6 5. Bd3 Bg7 6. Bc2 e5 7. O-O O-O 8. d4 exd4 9. cxd4 cxd4 10. Nxd4 d5 11. e5 Ne4 12. f4 f6 13. Nc3 fxe5 14. fxe5 Rxf1+ 15. Qxf1 Bxe5 16. Be3 Nxc3 17. bxc3 Nc6 18. Rb1 Bxd4 19. cxd4 Qe7 20. Qf3 Be6 21. Qg3 Rf8 22. Re1 Qf6 23. Kh2 Bf7 24. Bd3 Nxd4 25. Rf1 Qg7 26. Qh4 Nc6 27. Kh1 Be6 28. Re1 Re8 29. Bh6 Qe7 30. Qf4 Qf7 31. Qg3 Nd4 32. Qd6 Nf5 33. Bxf5 gxf5 34. Re3 f4 35. Bxf4 Bf5 36. Be5 Bg6 37. Rf3 Qe7 38. Qxd5+ Qe6 39. Qxe6+ Rxe6 40. Bd4 Re2 41. a3 a6 42. Bf2 Be4 43. Rf4 Bc6 44. Kh2 Re4 45. Rf5 Kg7 46. g4 Rc4 47. Bc5 Rc3 48. Bd4+ 1-0


[Site "https://www.chess.com"]

[Event "Titled Tuesday Blitz July 25 Early 2023"]
[White "Harsh Suresh"]
[Black "Xiong, Jeffery"]
[WhiteFideId "45018464"]
[BlackFideId "2047640"]
[WhiteElo "2851"]
[BlackElo "2988"]
[Result "1-0"]
[Round "11"]
[TimeControl "180+2"]
[Date "2023.07.25"]
[WhiteClock "0:00:11"]
[BlackClock "0:00:11"]
[Board "11"]

1. e4 c5 2. Nc3 Nc6 3. Bb5 Nd4 4. Bc4 e6 5. Nf3 Ne7 6. Nxd4 cxd4 7. Ne2 Nc6 8. d3 a6 9. a4 b6 10. O-O Bb7 11. f4 Be7 12. Qe1 O-O 13. Qf2 Rc8 14. Kh1 Na5 15. Bb3 Nxb3 16. cxb3 Rc2 17. Qe1 Bf6 18. Rg1 d6 19. Qd1 Qc7 20. Rb1 Rc8 21. Bd2 Qd7 22. Be1 R2c7 23. Bf2 e5 24. fxe5 dxe5 25. Bg3 b5 26. Rf1 Bc6 27. a5 b4 28. Ng1 Bb5 29. Nf3 Qe6 30. Be1 Rc2 31. Bxb4 Qxb3 32. Ne1 Qxb4 33. Nxc2 Qxa5 34. Rxf6 Rxc2 35. Qxc2 gxf6 36. Rf1 Qd8 37. Rf3 Kf8 38. h3 Qd6 39. Qf2 Ke7 40. Qh4 a5 41. Qxh7 a4 42. Qg7 Qc6 43. Kh2 Qb6 44. h4 Be8 45. h5 1-0


[Site "https://www.chess.com"]

[Event "Titled Tuesday Blitz July 25 Early 2023"]
[White "Kaasen, Tor Fredrik"]
[Black "Svane, Rasmus"]
[WhiteFideId "1516647"]
[BlackFideId "4657101"]
[WhiteElo "2829"]
[BlackElo "2968"]
[Result "0-1"]
[Round "11"]
[TimeControl "180+2"]
[Date "2023.07.25"]
[WhiteClock "0:00:25"]
[BlackClock "0:00:15"]
[Board "12"]

1. e4 c6 2. d3 d5 3. Nd2 e5 4. g3 Nf6 5. Bg2 Bd6 6. Ngf3 O-O 7. O-O Re8 8. Re1 Nbd7 9. a4 a5 10. Qe2 b6 11. b3 Bb7 12. Bb2 Qc7 13. Nh4 Rad8 14. Nf5 Bf8 15. Ne3 Nc5 16. h4 Ne6 17. Nf3 dxe4 18. Nxe5 Nd4 19. Bxd4 Rxd4 20. N5g4 Nxg4 21. Nxg4 f5 22. Ne3 exd3 23. cxd3 f4 24. Nd5 Rxe2 25. Nxc7 Rxe1+ 26. Rxe1 fxg3 27. fxg3 Rxd3 28. Re8 Rd7 29. Bh3 Rxc7 30. Be6+ Rf7 31. Rb8 Ba6 32. Ra8 Bd3 33. g4 g5 34. Rd8 Be4 35. Rd7 Bd5 36. Bxf7+ Bxf7 37. hxg5 Bxb3 38. Kg2 Bxa4 39. Kg3 Bc2 40. Rb7 b5 0-1


[Site "https://www.chess.com"]

[Event "Titled Tuesday Blitz July 25 Early 2023"]
[White "Bok, Benjamin"]
[Black "Zubritskiy, Artyom"]
[WhiteFideId "1017063"]
[BlackFideId "4181247"]
[WhiteElo "2964"]
[BlackElo "2817"]
[Result "0-1"]
[Round "11"]
[TimeControl "180+2"]
[Date "2023.07.25"]
[WhiteClock "0:00:00"]
[BlackClock "0:00:04"]
[Board "13"]

1. d4 Nc6 2. Nf3 d6 3. e4 Nf6 4. Nc3 g6 5. d5 Nb8 6. Be2 Bg7 7. O-O O-O 8. h3 c6 9. Re1 Qc7 10. Bf1 Nfd7 11. Bg5 Re8 12. Qd2 a5 13. Bh6 Bh8 14. a4 Na6 15. Qf4 Ne5 16. Nxe5 Bxe5 17. Qh4 Nb4 18. Rac1 cxd5 19. Nb5 Qd8 20. c3 Na6 21. exd5 Bd7 22. Bg5 Nc5 23. Re3 Bf6 24. Bxf6 exf6 25. Rxe8+ Bxe8 26. Re1 Kg7 27. Qf4 Bxb5 28. Bxb5 Qc7 29. b4 axb4 30. cxb4 Nxa4 31. h4 h5 32. g4 hxg4 33. h5 gxh5 34. Qf5 Nb6 35. Qxh5 Qc2 36. Re3 Qd1+ 37. Kg2 Rh8 38. Be2 Qxd5+ 39. Qxd5 Nxd5 40. Rb3 Nf4+ 41. Kg3 Nxe2+ 0-1


[Site "https://www.chess.com"]

[Event "Titled Tuesday Blitz July 25 Early 2023"]
[White "Anton Guijarro, David"]
[Black "Fiorito, Joaquin"]
[WhiteFideId "2285525"]
[BlackFideId "180173"]
[WhiteElo "2961"]
[BlackElo "2798"]
[Result "1-0"]
[Round "11"]
[TimeControl "180+2"]
[Date "2023.07.25"]
[WhiteClock "0:01:34"]
[BlackClock "0:00:40"]
[Board "14"]

1. d4 Nf6 2. Nf3 d5 3. e3 c5 4. dxc5 e6 5. b4 a5 6. c3 Bd7 7. Ne5 axb4 8. cxb4 b6 9. a4 bxc5 10. b5 Bd6 11. Bb2 O-O 12. Nd2 Qc7 13. f4 c4 14. Qc2 Bb4 15. Bc3 Bc5 16. Nxd7 Nbxd7 17. Bd4 Bxd4 18. exd4 Qxf4 19. Nf3 e5 20. Qd2 Qf5 21. Be2 Ne4 22. Qe3 exd4 23. Nxd4 Qf6 24. Rf1 Qh4+ 25. g3 Qxh2 26. Nf5 Rae8 27. O-O-O Nd6 28. Ne7+ Kh8 29. Rh1 Qg2 30. Rdg1 Qe4 31. Qxe4 Nxe4 32. Rxh7+ Kxh7 33. Rh1# 1-0


[Site "https://www.chess.com"]

[Event "Titled Tuesday Blitz July 25 Early 2023"]
[White "Kosteniuk, Alexandra"]
[Black "Hovhannisyan, Robert"]
[WhiteFideId "4128125"]
[BlackFideId "13302507"]
[WhiteElo "2792"]
[BlackElo "2960"]
[Result "0-1"]
[Round "11"]
[TimeControl "180+2"]
[Date "2023.07.25"]
[WhiteClock "0:00:03"]
[BlackClock "0:00:03"]
[Board "15"]

1. e4 e5 2. Nf3 Nc6 3. Bc4 Bc5 4. d3 Nf6 5. a4 d6 6. a5 O-O 7. O-O Be6 8. Bxe6 fxe6 9. c3 d5 10. Qe2 a6 11. exd5 exd5 12. Nxe5 Nxe5 13. Qxe5 Qd7 14. Qg3 Rae8 15. Be3 Nh5 16. Qh4 Rxe3 17. d4 Nf4 18. dxc5 Re4 19. Kh1 Nxg2 20. Qg3 Rg4 21. Qe5 Nh4 22. Nd2 Re8 23. Qh5 g6 24. Qh6 Nf5 25. Qh3 Ne3 26. Qf3 Nxf1 27. Nxf1 Rge4 28. Ne3 c6 29. Rg1 Rf8 30. Qg3 Qf7 31. Rg2 Qf4 32. Qh3 d4 33. cxd4 Rxd4 34. Qe6+ Qf7 35. Qe5 Qf6 36. Qc7 Rfd8 37. h3 R4d7 38. Qg3 Qxb2 39. h4 Qc1+ 40. Kh2 Qxc5 41. Qh3 Qe5+ 42. Rg3 Rf7 43. Ng4 Qf4 44. h5 Kg7 45. h6+ Kg8 46. Qf1 Rdf8 47. Qe2 Qxf2+ 48. Nxf2 Rxf2+ 49. Rg2 Rxe2 50. Rxe2 Rf5 51. Re8+ Kf7 52. Rb8 g5 53. Rxb7+ Kg6 54. Rb6 Rxa5 55. Rxc6+ Kh5 56. Kg3 Ra3+ 57. Kg2 a5 58. Ra6 a4 59. Kh2 Rb3 60. Rxa4 Kxh6 61. Kg2 Kh5 62. Ra7 h6 63. Ra6 g4 64. Ra5+ Kh4 65. Rd5 Rb2+ 66. Kg1 h5 67. Rc5 g3 68. Rd5 Kg4 69. Rd4+ Kh3 70. Rd1 h4 71. Rc1 Rb4 72. Kh1 Kg4 73. Kg2 h3+ 74. Kg1 Rf4 75. Rd1 Kh4 76. Re1 h2+ 77. Kh1 Kh3 78. Re3 Rf1# 0-1


[Site "https://www.chess.com"]

[Event "Titled Tuesday Blitz July 25 Early 2023"]
[White "Tsaruk, Maksim"]
[Black "Sarana, Alexey"]
[WhiteFideId "13511173"]
[BlackFideId "24133795"]
[WhiteElo "2789"]
[BlackElo "3042"]
[Result "0-1"]
[Round "11"]
[TimeControl "180+2"]
[Date "2023.07.25"]
[WhiteClock "0:00:01"]
[BlackClock "0:01:35"]
[Board "16"]

1. e4 e5 2. Nf3 Nc6 3. Bb5 Nf6 4. d3 Bc5 5. c3 Qe7 6. O-O O-O 7. d4 Bb6 8. Bxc6 bxc6 9. Nxe5 d6 10. Nc4 Qxe4 11. Nbd2 Qf5 12. a4 a5 13. Qf3 Qxf3 14. Nxf3 Ba6 15. Nxb6 Rab8 16. Re1 Rxb6 17. Nd2 Nd5 18. f3 Nf4 19. Re4 Ne2+ 20. Kf2 Nxc1 21. Rxc1 Rxb2 22. Ke3 f5 0-1


[Site "https://www.chess.com"]

[Event "Titled Tuesday Blitz July 25 Early 2023"]
[White "Giri, Anish"]
[Black "Bauman_Guy"]
[WhiteFideId "24116068"]
[WhiteElo "3022"]
[BlackElo "2789"]
[Result "1-0"]
[Round "11"]
[TimeControl "180+2"]
[Date "2023.07.25"]
[WhiteClock "0:00:06"]
[BlackClock "0:00:07"]
[Board "17"]

1. e4 c5 2. Nf3 e6 3. d4 cxd4 4. Nxd4 Nc6 5. Nc3 Nf6 6. Ndb5 Bc5 7. Nd6+ Ke7 8. Bf4 e5 9. Nf5+ Kf8 10. Bg5 d6 11. Bc4 h6 12. Bh4 g5 13. Bg3 Bxf5 14. exf5 Nd4 15. Nd5 Kg7 16. Ne3 d5 17. Be2 Nxe2 18. Qxe2 d4 19. Nc4 e4 20. O-O-O Qd5 21. Kb1 Rhe8 22. h4 Qxf5 23. hxg5 hxg5 24. Nd6 Bxd6 25. Bxd6 Qd5 26. Bb4 Rad8 27. Rh3 a5 28. Bd2 d3 29. cxd3 exd3 30. Qf3 Ne4 31. Be3 d2 32. Ka1 Rc8 33. Rhh1 Rc2 34. Qh5 Kf6 35. Qf3+ Ke7 36. Bxg5+ Kd7 37. Be3 Rec8 38. Rhf1 Qe5 39. Qxf7+ Kc6 40. Qb3 Kd6 41. f3 Nf6 42. Bxd2 Nd5 43. Bxa5 Ke6 44. Bd2 Kf5 45. a3 Qd4 46. Bc1 Qc4 47. Qxc4 Kf6 48. Qd4+ Ke6 49. Qxd5+ Ke7 50. Bg5+ Kf8 51. Qf5+ Kg8 52. Qg6+ Kf8 53. Qf6+ Ke8 54. Qe6+ Kf8 55. Bh6# 1-0


[Site "https://www.chess.com"]

[Event "Titled Tuesday Blitz July 25 Early 2023"]
[White "Andreikin, Dmitry"]
[Black "Pakleza, Zbigniew"]
[WhiteFideId "4158814"]
[BlackFideId "1119290"]
[WhiteElo "3021"]
[BlackElo "2786"]
[Result "1-0"]
[Round "11"]
[TimeControl "180+2"]
[Date "2023.07.25"]
[WhiteClock "0:00:19"]
[BlackClock "0:00:00"]
[Board "18"]

1. e4 d6 2. d4 Nf6 3. Nc3 c6 4. f3 Qb6 5. Bc4 e6 6. Bb3 d5 7. e5 Nfd7 8. Nce2 c5 9. c3 Nc6 10. f4 cxd4 11. Nxd4 Nxd4 12. cxd4 Bb4+ 13. Kf2 f6 14. Nf3 fxe5 15. fxe5 O-O 16. Be3 Be7 17. Rf1 Qd8 18. Kg1 b6 19. Qd3 a5 20. Bc2 g6 21. Ba4 Ba6 22. Bb5 Nb8 23. Rac1 Qe8 24. a4 Bxb5 25. axb5 a4 26. Bh6 Rf7 27. Ng5 Bxg5 28. Bxg5 Nd7 29. Rxf7 Qxf7 30. Rf1 Qe8 31. Qa3 Ra5 32. Bh6 Ra7 33. Qd6 Rb7 34. Qc6 Ra7 35. Rf8+ Qxf8 36. Bxf8 Nxf8 37. Qxb6 a3 38. Qxa7 axb2 39. Qa2 1-0


[Site "https://www.chess.com"]

[Event "Titled Tuesday Blitz July 25 Early 2023"]
[White "Shimanov, Aleksandr"]
[Black "Rozman, Levy"]
[WhiteFideId "4198603"]
[BlackFideId "2039877"]
[WhiteElo "2993"]
[BlackElo "2767"]
[Result "1-0"]
[Round "11"]
[TimeControl "180+2"]
[Date "2023.07.25"]
[WhiteClock "0:00:04"]
[BlackClock "0:00:04"]
[Board "19"]

1. e4 c6 2. d4 d5 3. Nc3 a6 4. f3 Qa5 5. Be3 dxe4 6. fxe4 Nf6 7. e5 Ng4 8. Bc1 c5 9. d5 Nxe5 10. Nf3 Bg4 11. Be2 Bxf3 12. Bxf3 Nbd7 13. O-O O-O-O 14. Bf4 Qb4 15. Qc1 g5 16. Bxg5 Rg8 17. Kh1 f6 18. Bf4 Nxf3 19. Rxf3 Ne5 20. Bxe5 fxe5 21. a3 Qh4 22. Qe3 e6 23. dxe6 Qg4 24. Qe2 Qxe6 25. Raf1 Be7 26. Ne4 Kb8 27. h3 h5 28. Rf5 h4 29. Nd2 Bd6 30. Qe4 Bc7 31. Nf3 Rgf8 32. Nxh4 Rh8 33. Nf3 Qb6 34. b3 Rde8 35. Ng5 Qb5 36. a4 Qa5 37. Rf7 Qd2 38. Nf3 Qd6 39. Ng5 Qd2 40. R7f5 Reg8 41. Qg4 e4 42. R1f2 Qe1+ 43. Rf1 Qe3 44. g3 Rh6 45. Kg2 Rhg6 46. h4 Rd6 47. R1f2 Rd2 48. Rxd2 Qxd2+ 49. Rf2 Qc3 50. Nxe4 Rxg4 51. Nxc3 Rxg3+ 52. Kf1 Rxc3 53. h5 Rh3 54. Rf5 c4 55. bxc4 Rh4 56. Ke2 Rxc4 57. h6 Rh4 58. Rf6 Bf4 59. Rf8+ Ka7 60. Kd3 Bxh6 61. Rh8 Bg5 62. Rg8 Bf6 63. Rf8 Be7 64. Rf7 Bd8 65. Rd7 Bb6 66. c4 Rh3+ 67. Kc2 Bc5 68. Kb2 Rh4 69. Kb3 Rh3+ 70. Kb2 a5 71. Rd5 Bb4 72. Rf5 Rc3 73. Rf4 Kb6 74. Rg4 Kc5 75. Rg7 b6 76. Rc7+ Kd6 77. Rc8 Bc5 78. Kxc3 Kd7 79. Rg8 Kc6 80. Kd3 Kd6 81. Ke4 Ke6 82. Rg6+ Kf7 83. Rc6 Ke7 84. Kd5 Kd7 85. Rg6 1-0


[Site "https://www.chess.com"]

[Event "Titled Tuesday Blitz July 25 Early 2023"]
[White "Schnaider, Ilan"]
[Black "Pranav, V"]
[WhiteFideId "169013"]
[BlackFideId "25060783"]
[WhiteElo "2763"]
[BlackElo "2990"]
[Result "0-1"]
[Round "11"]
[TimeControl "180+2"]
[Date "2023.07.25"]
[WhiteClock "0:00:00"]
[BlackClock "0:00:36"]
[Board "20"]

1. e4 e5 2. Nf3 Nc6 3. Bc4 Nf6 4. d3 h6 5. c3 d6 6. O-O g6 7. a4 Bg7 8. a5 a6 9. Re1 O-O 10. h3 Be6 11. Bxe6 fxe6 12. d4 exd4 13. cxd4 Kh7 14. Nc3 Nh5 15. d5 exd5 16. exd5 Ne5 17. Nd4 Qh4 18. Be3 Nc4 19. Qg4 Qxg4 20. hxg4 Nxe3 21. gxh5 Bxd4 22. hxg6+ Kxg6 23. fxe3 Ba7 24. Ra4 Rae8 25. Rg4+ Kh7 26. Rg3 Rf5 27. Re2 Bc5 28. Kh2 Re7 29. e4 Rfe5 30. Rf3 Rh5+ 31. Rh3 Rxh3+ 32. Kxh3 Bb4 33. Nd1 Bxa5 34. Nf2 Bb6 35. Ng4 Bd4 36. Kg3 c6 37. dxc6 bxc6 38. Kf3 Rf7+ 39. Kg3 Rb7 40. Rd2 c5 41. Rd3 Rxb2 42. Ra3 c4 43. Rxa6 c3 44. Rxd6 c2 45. Rc6 Rb3+ 46. Ne3 Rxe3+ 47. Kf4 Rc3 0-1


[Site "https://www.chess.com"]